Map: Apotheosis LE

Players

iaguz

  • Race: Terran Terran

Scarlett - Winner!

  • Race: Zerg Zerg

Event: WCS Copa Intercontinental

VOD

Have the link to the VOD?

Description

Time

  • Played on: Sept. 10, 2016, 2:32 p.m.
  • Length: 11:59

All games in this series

Show
View Real Time Build Order
Export as new Build Order

iaguz Terran 

Build Orders: Reaper Expand, MMM Bio 

Get SALT Encoding   

  12  0:00  SCV  
  13  0:12  SCV  
  14  0:17  Supply Depot  
  14  0:24  SCV  
  15  0:33  Refinery  
  15  0:38  SCV  
  16  0:44  Barracks  
  16  0:50  SCV  
  17  1:02  SCV  
  18  1:15  SCV  
  19  1:31  Orbital Command, Reaper  
  20  1:41  Command Center  
  20  1:53  Factory  
  20  1:57  SCV  
  21  2:05  Supply Depot  
  21  2:09  SCV  
  21  2:10  Barracks Reactor  
  22  2:21  SCV  
  23  2:33  SCV  
  24  2:45  SCV  
  24  2:50  Command Center  
  25  2:55  Starport  
  25  2:56  Orbital Command  
  25  2:59  Marine  
  25  3:00  Marine  
  25  3:03  SCV  
  28  3:08  Widow Mine  
  28  3:12  Refinery  
  30  3:17  SCV, Marine  
  30  3:19  Marine  
  33  3:23  SCV  
  34  3:29  SCV  
  35  3:35  SCV, Marine  
  35  3:36  Medivac  
  35  3:41  SCV, Marine  
  38  3:45  Factory Tech Lab  
  38  3:47  SCV  
  41  3:49  Bunker  
  41  3:54  SCV  
  42  3:58  Marine  
  42  3:59  SCV, Marine  
  45  4:05  Siege Tank, Orbital Command  
  45  4:07  SCV  
  48  4:11  SCV  
  49  4:19  SCV, Marine x2  
  49  4:22  Viking  
  54  4:24  SCV  
  54  4:25  Refinery  
  54  4:29  Supply Depot  
  54  4:30  Refinery  
  55  4:32  SCV x2  
  57  4:40  Engineering Bay  
  57  4:41  Engineering Bay  
  57  4:42  SCV  
  58  4:45  SCV  
  58  4:46  SCV  
  58  4:48  Supply Depot  
  60  4:54  SCV  
  60  4:58  SCV  
  60  4:59  SCV  
  63  5:04  Siege Tank  
  63  5:06  SCV, Engineering Bay  
  67  5:07  Engineering Bay  
  67  5:09  Medivac, Marine x2  
  67  5:10  SCV  
  67  5:11  SCV  
  67  5:12  Supply Depot  
  73  5:18  SCV  
  74  5:22  SCV  
  74  5:28  Barracks  
  75  5:29  Barracks, Marine x2, Orbital Command  
  75  5:33  Terran Infantry Weapons Level 1  
  75  5:34  SCV, Terran Infantry Armor Level 1  
  78  5:43  SCV  
  78  5:46  Starport Reactor  
  78  5:47  Factory Reactor  
  78  5:49  SCV  
  80  5:55  Barracks  
  80  5:57  Barracks  
  80  5:59  SCV, Barracks  
  81  6:04  SCV x2  
  81  6:11  SCV  
  84  6:16  SCV x2, Marine  
  84  6:17  Stimpack  
  84  6:18  Barracks Tech Lab  
  85  6:19  Barracks  
  85  6:21  Barracks  
  85  6:23  Supply Depot  
  85  6:30  Supply Depot  
  85  6:40  Supply Depot  
  85  6:41  Medivac, Supply Depot, Marine x4  
  91  6:47  Barracks Reactor x2  
  91  6:48  Barracks Reactor  
  91  6:53  Combat Shields  
  91  6:54  Armory  
  91  6:59  Marine  
  92  7:03  Supply Depot  
  92  7:04  Supply Depot  
  92  7:05  Supply Depot  
  92  7:07  Supply Depot  
  92  7:08  Marine, Marauder  
  95  7:12  Marauder  
  95  7:13  Barracks Reactor  
  95  7:14  Barracks Tech Lab  
  97  7:17  Marine  
  97  7:20  Medivac x2, Hellion x2  
  106  7:26  Marine x7  
  115  7:30  Marauder  
  115  7:33  Marauder  
  115  7:34  Marauder  
  115  7:35  Marine  
  120  7:43  Marine  
  125  7:44  Hellbat x2  
  125  7:46  Terran Infantry Armor Level 2, Terran Infantry Weapons Level 2  
  125  7:47  Marine x2  
  125  7:48  Marine x2  
  125  7:49  Marine x2  
  133  7:51  Missile Turret, Marauder  
  133  7:54  Missile Turret, Marauder  
  133  7:56  Missile Turret  
  135  8:04  Marine x3, Marauder  
  140  8:09  Marine x5  
  140  8:10  Hellbat x2  
  140  8:12  Marauder  
  151  8:14  Supply Depot  
  151  8:15  Supply Depot  
  151  8:18  Marine, Marauder  
  154  8:21  Marine  
  154  8:23  Marine  
  154  8:25  Marine  
  157  8:31  Marauder  
  157  8:35  Marine  
  157  8:36  Hellbat x2, Marauder  
  157  8:37  Supply Depot  
  157  8:39  Liberator  
  157  8:40  Marauder  
  166  8:46  Supply Depot x2  
  166  8:52  Marine x3  
  166  8:53  Marine x4, Marauder  
  170  9:01  Marine x2  
  170  9:02  Marauder x2  
  147  9:17  Marine  
  147  9:18  Marauder  
  147  9:20  Marine x5  
  147  9:21  Medivac, Hellbat x2  
  147  9:23  Marauder  
  128  9:25  Liberator, Marine, Marauder  
  128  9:30  Marine x3  
  132  9:35  Marine  
  132  9:38  Marine x3  
  127  9:39  Marine, Marauder  
  127  9:44  Hellbat, Marauder  
  138  9:47  Marine  
  138  9:49  Liberator  
  138  9:51  Marine  
  138  9:52  Marine x3, Marauder  
  147  9:57  Marine x2  
  152  10:00  Marine, Marauder  
  152  10:04  Marine  
  152  10:06  Marauder  
  156  10:07  Hellbat, Marine x2  
  156  10:09  Marine x4  
  161  10:14  Marine  
  161  10:15  Marine x2  
  161  10:18  Marine  
  163  10:22  Marine, Marauder  
  163  10:25  Marine x2  
  163  10:26  Supply Depot  
  163  10:27  Marine x3, Marauder  
  171  10:29  Marine  
  171  10:32  Marine  
  171  10:33  Marine  
  147  10:43  Marauder  
  147  10:44  Marine x2  
  147  10:46  Marine x4  
  147  10:49  Marauder  
  132  10:55  Marine x3  
  132  11:02  Marine x2  
  132  11:04  Marine x4  
  130  11:11  Hellbat x2  
  131  11:15  Medivac  
  131  11:17  Marine x2  
  135  11:20  Marine  
  135  11:22  Marine  
  137  11:31  Marine x3  
  118  11:34  Marine  
  118  11:38  Marine  
  91  11:41  Marine  
Show
View Real Time Build Order
Export as new Build Order

Scarlett Zerg - Winner!

Build Orders: Hatch First, Muta Ling Bane 

Get SALT Encoding   

  12  0:01  Drone  
  13  0:12  Overlord  
  13  0:17  Drone  
  14  0:30  Drone x2  
  14  0:34  Drone  
  17  0:51  Hatchery  
  17  0:55  Drone  
  17  0:58  Drone  
  18  1:08  Extractor  
  17  1:12  Spawning Pool  
  17  1:16  Drone  
  17  1:20  Drone  
  18  1:28  Drone  
  19  1:38  Overlord  
  19  1:50  Drone  
  20  1:59  Queen  
  20  2:00  Zergling x2  
  23  2:03  Queen, Drone  
  26  2:10  Metabolic Boost  
  26  2:13  Zergling x2  
  27  2:19  Drone  
  28  2:23  Drone  
  29  2:31  Drone  
  29  2:35  Queen, Drone  
  33  2:41  Queen  
  35  2:46  Overlord  
  35  2:55  Drone  
  36  3:06  Drone x3, Overlord  
  36  3:09  Drone x2  
  36  3:11  Drone x3  
  44  3:18  Overlord  
  44  3:26  Zergling x2  
  45  3:32  Hatchery  
  44  3:35  Drone x3  
  44  3:38  Drone  
  48  3:44  Drone x2  
  48  3:45  Drone x2, Extractor  
  51  3:51  Drone x4  
  55  3:56  Queen  
  56  4:03  Overlord  
  56  4:04  Drone x2  
  56  4:09  Evolution Chamber x2  
  56  4:12  Queen  
  56  4:15  Overlord  
  58  4:20  Drone  
  58  4:21  Drone  
  60  4:25  Drone x4  
  60  4:29  Drone  
  60  4:30  Drone  
  66  4:32  Queen  
  66  4:35  Zerg Melee Weapons Level 1  
  68  4:40  Zerg Ground Armor Level 1  
  68  4:42  Zergling x2  
  69  4:46  Queen, Zergling x2  
  69  4:48  Zergling x2  
  73  4:57  Drone x6  
  79  5:04  Drone  
  79  5:05  Drone x2  
  79  5:06  Overlord  
  82  5:10  Lair  
  82  5:11  Extractor  
  82  5:12  Baneling Nest  
  80  5:16  Overlord  
  80  5:17  Drone x2  
  80  5:19  Overlord  
  80  5:20  Extractor  
  81  5:22  Extractor  
  81  5:23  Drone  
  81  5:26  Drone  
  82  5:29  Hatchery  
  82  5:34  Drone  
  82  5:36  Drone  
  82  5:37  Drone x3  
  82  5:38  Zergling x8  
  82  5:41  Zergling x2  
  91  5:44  Queen  
  93  5:51  Zergling x10  
  93  5:55  Overlord x3  
  98  6:03  Extractor  
  96  6:13  Spore Crawler  
  96  6:14  Drone  
  96  6:15  Drone x5  
  96  6:16  Drone x2  
  103  6:18  Hatchery  
  103  6:24  Drone x2  
  104  6:30  Hatchery  
  104  6:32  Zerg Melee Weapons Level 2  
  103  6:36  Zerg Ground Armor Level 2  
  103  6:40  Centrifical Hooks  
  103  6:42  Zergling x6, Spire  
  105  6:57  Drone  
  105  6:58  Drone x13  
  105  7:00  Overlord  
  119  7:01  Overlord  
  119  7:03  Pneumatized Carapace  
  119  7:04  Overseer  
  119  7:05  Overseer  
  119  7:18  Overlord x2  
  119  7:20  Zergling x16  
  127  7:23  Burrow  
  127  7:25  Zergling x2, Spine Crawler  
  127  7:26  Zergling x4  
  127  7:29  Spore Crawler  
  128  7:31  Baneling x5  
  128  7:32  Baneling x4  
  128  7:51  Zergling x8  
  131  7:55  Mutalisk  
  131  7:56  Zerg Flyer Weapons Level 1, Mutalisk x8  
  150  8:00  Zergling x18  
  150  8:03  Zergling x6  
  150  8:04  Zergling x2  
  163  8:06  Baneling x5  
  163  8:07  Baneling  
  163  8:09  Zergling x2  
  163  8:10  Overlord  
  163  8:11  Overlord  
  163  8:24  Overlord x3  
  163  8:33  Zergling x10  
  163  8:34  Zergling x22  
  179  8:43  Mutalisk x6  
  190  8:56  Baneling x9  
  189  9:06  Zergling x22  
  189  9:07  Zergling x10  
  175  9:21  Drone x7  
  161  9:31  Mutalisk x5  
  160  9:33  Zergling x2  
  160  9:34  Zergling x26  
  184  9:40  Infestation Pit  
  184  9:41  Extractor, Zergling x2  
  184  9:42  Zergling x4  
  185  9:47  Baneling x3  
  185  9:48  Baneling x3  
  185  9:49  Zergling x2  
  185  9:50  Extractor, Zergling x10  
  190  9:53  Zerg Flyer Armor Level 1  
  190  9:58  Baneling x4  
  190  10:05  Zergling x2  
  190  10:06  Zergling x26  
  195  10:18  Baneling x13  
  195  10:19  Zergling x4  
  195  10:20  Zergling x10  
  169  10:44  Zergling x20  
  169  10:45  Zergling x24  
  169  10:49  Mutalisk x5  
  152  10:51  Zergling x2  
  152  10:52  Zergling x6  
  161  11:03  Mutalisk  
  161  11:04  Mutalisk  
  150  11:05  Zergling x2  
  150  11:06  Zergling x8  
  150  11:11  Baneling x6  
  147  11:12  Baneling  
  147  11:14  Baneling, Zergling x14  
  147  11:15  Baneling  
  147  11:17  Baneling  
  147  11:18  Baneling  
  154  11:20  Queen, Zergling x10  
  154  11:21  Queen x2  
  154  11:24  Zergling x6  
  154  11:25  Baneling x5  
  155  11:36  Zergling x2  
  155  11:37  Zergling x6  
  142  11:41  Zergling x10  
  142  11:44  Extractor  
  152  11:55  Hatchery  
Tags
 
Add a new tag
Caveats
  • Supply blocks, unpowered buildings, or Contaminate may cause inaccurate times.
  • Supply counts are checked every 10 seconds.